Map: [ESL] Altitude

Players

GogojOey

  • Race: Zerg Zerg
  • Spawn Location: 1:00

MacSed - Winner!

  • Race: Protoss Protoss
  • Spawn Location: 7:00

Event: ESL SC2 Masters 2023 Summer (Regionals)

VOD

Have the link to the VOD?

Description

Time

  • Played on: May 10, 2023, 8:09 a.m.
  • Length: 11:52

All games in this series

Show
View Real Time Build Order
Export as new Build Order

GogojOey Zerg 

Build Orders: Hatch First 

Get SALT Encoding   

  12  0:00  Drone  
  13  0:13  Overlord  
  13  0:18  Drone  
  14  0:31  Drone x2  
  16  0:48  Drone  
  16  0:49  Drone  
  18  0:58  Hatchery  
  18  1:00  Drone  
  18  1:04  Extractor  
  17  1:15  Spawning Pool  
  17  1:18  Drone  
  17  1:21  Drone  
  18  1:28  Drone  
  19  1:39  Drone  
  20  1:50  Drone  
  21  2:02  Zergling x2  
  22  2:10  Queen x2  
  22  2:11  Zergling x2  
  22  2:12  Overlord  
  27  2:16  Metabolic Boost  
  27  2:22  Drone  
  28  2:31  Drone  
  29  2:37  Drone  
  29  2:39  Hatchery  
  29  2:43  Drone  
  30  2:48  Queen  
  32  2:53  Zergling x2  
  32  2:54  Zergling x2  
  32  2:57  Overlord  
  34  3:04  Zergling x2  
  35  3:07  Drone  
  36  3:13  Overlord  
  36  3:25  Drone  
  36  3:28  Overlord  
  36  3:30  Queen x2  
  36  3:32  Drone x2  
  42  3:34  Drone  
  42  3:37  Drone  
  44  3:47  Drone  
  44  3:48  Drone x3  
  48  3:53  Queen  
  50  4:00  Drone x3  
  50  4:01  Drone  
  53  4:04  Spore Crawler  
  53  4:05  Drone  
  53  4:13  Drone  
  53  4:14  Drone x2  
  53  4:15  Drone  
  57  4:18  Drone  
  57  4:19  Spore Crawler  
  57  4:21  Overlord  
  57  4:22  Drone  
  58  4:25  Overlord  
  57  4:33  Zergling x4, Roach Warren  
  57  4:39  Drone, Spore Crawler  
  57  4:41  Zergling x4  
  57  4:43  Drone x2  
  61  4:52  Drone x7  
  68  4:55  Drone  
  68  4:57  Overlord  
  69  5:04  Lair  
  69  5:08  Drone  
  69  5:11  Evolution Chamber  
  69  5:18  Drone x5  
  69  5:20  Hatchery  
  73  5:25  Drone x2  
  73  5:27  Zergling x6  
  78  5:29  Overlord  
  78  5:34  Drone, Baneling Nest  
  78  5:35  Extractor, Drone x3  
  80  5:37  Extractor  
  80  5:38  Zerg Missile Weapons Level 1  
  80  5:39  Extractor  
  77  5:43  Roach x2  
  77  5:45  Overlord  
  77  5:49  Roach x2  
  85  5:54  Overlord  
  84  6:01  Roach  
  84  6:03  Extractor  
  86  6:06  Overlord  
  86  6:07  Drone x2, Overseer  
  90  6:11  Roach  
  90  6:12  Zergling x8  
  90  6:13  Zergling x10  
  99  6:20  Roach x2  
  99  6:21  Roach  
  105  6:30  Drone  
  105  6:32  Roach, Spine Crawler  
  115  6:33  Roach x4  
  115  6:37  Roach x2  
  115  6:39  Queen  
  118  6:41  Zergling x2  
  118  6:42  Overlord  
  110  6:56  Hatchery  
  105  7:04  Roach x3  
  105  7:05  Roach x6  
  106  7:19  Drone x9  
  106  7:20  Drone x2  
  115  7:25  Drone  
  115  7:28  Drone  
  117  7:31  Glial Reconstitution  
  117  7:34  Drone  
  118  7:37  Drone x2  
  118  7:43  Overlord  
  120  7:45  Overlord, Zerg Missile Weapons Level 2  
  120  7:46  Drone x2  
  122  7:54  Overlord  
  122  7:58  Overlord  
  122  8:01  Spire  
  122  8:03  Extractor  
  122  8:04  Drone  
  122  8:05  Drone x3  
  124  8:14  Drone x7  
  124  8:15  Drone  
  124  8:17  Roach x2  
  136  8:22  Roach x2  
  136  8:23  Roach x2  
  143  8:39  Spine Crawler  
  143  8:40  Spine Crawler  
  141  8:45  Extractor  
  141  8:46  Drone x3  
  141  8:47  Drone x5  
  148  8:48  Overlord  
  148  8:49  Extractor, Hatchery, Zergling x2, Roach  
  148  9:15  Spore Crawler  
  147  9:17  Spine Crawler, Mutalisk  
  147  9:18  Mutalisk x9  
  147  9:21  Zergling x2  
  147  9:23  Overlord  
  167  9:31  Mutalisk  
  165  9:34  Overlord x2  
  165  9:37  Drone  
  168  9:40  Mutalisk  
  168  9:41  Mutalisk x3  
  176  9:45  Overlord x2  
  176  9:46  Overlord  
  176  9:51  Extractor x2  
  174  9:53  Drone x2  
  174  9:54  Drone  
  174  9:57  Mutalisk  
  179  10:00  Mutalisk x2  
  179  10:02  Hatchery  
  179  10:04  Drone x3  
  179  10:06  Drone x2  
  187  10:08  Drone  
  188  10:18  Mutalisk x2  
  188  10:19  Mutalisk  
  192  10:24  Drone  
  192  10:25  Drone x3  
  196  10:28  Drone  
  196  10:30  Mutalisk  
  196  10:32  Zergling x2  
  186  10:52  Mutalisk x8  
  193  11:01  Mutalisk x2  
  155  11:12  Mutalisk x3  
  155  11:13  Zergling x2  
  155  11:14  Zergling x32  
  169  11:21  Mutalisk x3  
  169  11:23  Zergling x6  
  166  11:33  Zergling x12  
Show
View Real Time Build Order
Export as new Build Order

MacSed Protoss - Winner!

Build Orders: 1 Gate Expand, Oracle Opening, Zealot Archon, Archon Drop 

Get SALT Encoding   

  12  0:00  Probe  
  13  0:12  Probe  
  14  0:19  Pylon  
  14  0:24  Probe  
  15  0:37  Probe (Chrono Boost)  
  15  0:40  Gateway  
  16  0:46  Probe (Chrono Boost)  
  16  0:49  Assimilator  
  17  0:52  Probe  
  19  1:04  Probe  
  19  1:16  Probe  
  20  1:28  Nexus  
  20  1:39  Cybernetics Core  
  20  1:42  Probe  
  21  1:47  Assimilator  
  21  1:54  Probe  
  21  1:59  Pylon  
  22  2:06  Probe  
  23  2:14  Adept (Chrono Boost)  
  23  2:15  Warp Gate  
  23  2:18  Probe  
  26  2:28  Stargate  
  25  2:30  Probe  
  25  2:34  Stalker (Chrono Boost)  
  26  2:42  Probe (Chrono Boost)  
  30  2:48  Probe (Chrono Boost)  
  31  2:52  Probe (Chrono Boost)  
  31  2:56  Probe (Chrono Boost)  
  31  2:57  Probe (Chrono Boost), Adept  
  35  3:07  Probe  
  36  3:13  Probe  
  36  3:14  Oracle  
  36  3:19  Probe  
  41  3:25  Probe  
  42  3:27  Gateway  
  42  3:29  Pylon  
  42  3:31  Probe  
  43  3:38  Probe  
  44  3:43  Probe  
  45  3:50  Probe  
  47  3:55  Probe  
  47  4:02  Probe  
  48  4:04  Nexus  
  48  4:06  Pylon  
  48  4:11  Twilight Council  
  48  4:12  Probe, Forge  
  48  4:15  Probe  
  50  4:21  Assimilator x2  
  50  4:24  Probe  
  51  4:26  Robotics Facility  
  51  4:32  Probe  
  51  4:36  Charge  
  52  4:40  Pylon  
  52  4:42  Probe, Protoss Ground Weapons Level 1 (Chrono Boost)  
  53  4:56  Gateway  
  53  4:59  Gateway  
  53  5:03  Gateway  
  53  5:05  Gateway  
  53  5:08  Gateway  
  53  5:09  Gateway  
  53  5:15  Templar Archives  
  53  5:19  Warp Prism (Chrono Boost)  
  53  5:26  Probe  
  53  5:28  Probe x2  
  58  5:34  Pylon  
  58  5:35  Zealot  
  60  5:43  Probe  
  60  5:44  Zealot  
  60  5:46  Probe  
  60  5:48  Probe  
  65  5:52  Zealot  
  65  5:58  Probe  
  65  6:03  High Templar x3  
  65  6:04  High Templar  
  72  6:05  Zealot x3  
  72  6:06  Probe x2  
  72  6:07  Archon  
  72  6:08  Archon  
  80  6:13  Probe  
  80  6:14  Shield Battery  
  80  6:18  Probe  
  82  6:22  Probe  
  82  6:23  Observer  
  84  6:26  Pylon  
  84  6:27  Robotics Bay  
  84  6:33  Zealot x4  
  92  6:42  Pylon x2  
  92  6:43  Probe  
  92  6:44  Probe x2, Pylon  
  95  6:50  Immortal (Chrono Boost)  
  95  6:55  Probe  
  97  7:05  Zealot x5  
  96  7:18  Probe  
  96  7:19  Probe, Warp Prism (Chrono Boost)  
  96  7:22  Robotics Facility  
  94  7:23  Photon Cannon  
  94  7:25  Shield Battery  
  94  7:26  High Templar x2  
  94  7:27  High Templar x2  
  94  7:28  Probe  
  99  7:31  Archon  
  99  7:32  Archon  
  99  7:35  Probe  
  98  7:37  Assimilator  
  98  7:40  Probe  
  98  7:41  Probe, Protoss Ground Weapons Level 2  
  98  7:42  Assimilator  
  100  7:47  Zealot x4  
  100  7:50  Disruptor (Chrono Boost)  
  111  7:59  Zealot x4  
  117  8:10  Phoenix (Chrono Boost), Disruptor (Chrono Boost)  
  122  8:13  Photon Cannon  
  122  8:15  Pylon, Shield Battery  
  122  8:19  Photon Cannon  
  122  8:27  Disruptor  
  122  8:33  Phoenix  
  127  8:37  Pylon, Photon Cannon  
  127  8:38  Pylon  
  127  8:39  Pylon  
  127  8:42  Probe  
  127  8:48  Extended Thermal Lance  
  128  8:53  Pylon  
  128  8:55  Colossus (Chrono Boost)  
  134  8:58  Phoenix (Chrono Boost)  
  132  9:12  Nexus  
  132  9:16  Photon Cannon  
  132  9:17  Shield Battery  
  132  9:20  Phoenix (Chrono Boost), Probe x2  
  132  9:21  Probe  
  132  9:23  Stargate  
  137  9:32  Probe  
  137  9:33  Probe x2  
  137  9:35  Assimilator  
  146  9:39  Assimilator  
  146  9:44  Probe  
  146  9:45  Probe, Colossus (Chrono Boost)  
  148  9:47  Colossus (Chrono Boost)  
  148  9:48  Blink (Chrono Boost)  
  154  9:55  Phoenix  
  156  10:04  Fleet Beacon  
  154  10:13  Phoenix  
  154  10:17  Probe  
  155  10:22  Photon Cannon  
  155  10:23  Phoenix  
  155  10:24  Shield Battery  
  155  10:25  Probe  
  155  10:26  Stalker x2  
  160  10:39  Stalker x4  
  165  10:47  Phoenix x2  
  159  10:52  Anion Pulse-Crystals (Chrono Boost)  
  155  11:01  Zealot x4  
  164  11:04  Probe x2  
  164  11:05  Shield Battery  
  164  11:09  Shield Battery  
  158  11:16  Stalker x3  
  158  11:17  Stalker  
  168  11:26  Stalker x2  
  168  11:38  Zealot x2  
  164  11:49  Stalker x4  
Tags
 
Add a new tag
Caveats
  • Supply blocks, unpowered buildings, or Contaminate may cause inaccurate times.
  • Supply counts are checked every 10 seconds.